 Dungeon Crawl Stone Soup version 0.32-a0-128-g77eb882913 (webtiles) character file.

Game seed: 3785219381350691289

1677 Nattfarinn the Mimic (level 9, -4/66 HPs)
             Began as a Merfolk Shapeshifter on Feb 8, 2024.
             Was an Elder of Cheibriados.
             Killed from afar by a steam dragon (11 damage)
             ... with a ball of steam
             ... on level 6 of the Dungeon.
             The game lasted 00:13:14 (7085 turns).

Nattfarinn the Mimic (Merfolk Shapeshifter)         Turns: 7085, Time: 00:13:16

Health: -4/66      AC:  0    Str: 27    XL:     9   Next: 1%
Magic:  18/18      EV: 17    Int: 18    God:    Cheibriados [****..]
Gold:   366        SH:  0    Dex: 23    Spells: 8/8 levels left

rFire   . .          .
                       - Unarmed
rCold   . . .        (shield currently unavailable)
rNeg    . . .        b - melded +0 robe {rC+}
rPois   .            (no helmet)
rElec   .            (no cloak)
rCorr   .            (no gloves)
SInv    .            (no boots)
Will    .....        (no amulet)
Stlth   +            p - ring of magical power
HPRegen 0.31/turn    v - ring of flight
MPRegen 0.16/turn

%: no passive effects
@: about to teleport, flux-form, flying, glowing, very slow
A: glow, contaminating, (nimble swimmer 2), mertail
a: Begin Untransformation, Renounce Religion, Bend Time, Temporal Distortion,
Slouch


You were on level 6 of the Dungeon.
You worshipped Cheibriados.
Cheibriados was greatly pleased with you.
You were something dangerously unstable.
You visited 2 branches of the dungeon, and saw 7 of its levels.

You collected 366 gold pieces.

Inventory:

Hand Weapons
 g - a +0 sling
 m - the +1 spear "Qoylege" {freeze, rElec Will+ Int+3}
   (You found it on level 3 of the Dungeon)

   Int+3:     It affects your intelligence (+3).
   rElec:     It insulates you from electricity.
   Will+:     It increases your willpower.
 s - the +1 hand axe of Ryupt {heavy, rN++ Str+3}
   (You found it on level 4 of the Dungeon)

   Str+3:     It affects your strength (+3).
   rN++:      It greatly protects you from negative energy.
Missiles
 e - a throwing net (quivered)
Armour
 b - a +0 robe of cold resistance (melded)
 y - a +0 robe of resistance
Jewellery
 p - a ring of magical power (left hand)
 v - a ring of flight (right hand)
 C - a ring of wizardry
Talismans
 c - a beast talisman
 d - a flux talisman (active)
 j - a talisman of death
Wands
 a - a wand of light (11)
 i - a wand of mindburst (15)
Scrolls
 f - a scroll of enchant armour {unknown}
 h - a scroll of fear {unknown}
 k - a scroll of torment {unknown}
 l - a scroll of amnesia
 q - 3 scrolls of identify {unknown}
 r - 3 scrolls of enchant weapon {unknown}
 t - a scroll of vulnerability {unknown}
 u - 2 scrolls of revelation {unknown}
 B - a scroll of noise {unknown}
Potions
 w - a potion of degeneration {unknown}
 x - a potion of resistance {unknown}
 z - a potion of cancellation {unknown}
 A - a potion of brilliance {unknown}
 D - a potion of mutation {unknown}


   Skills:
 + Level 4.7 Fighting
 - Level 2.6 Dodging
 * Level 7.4 Unarmed Combat
 - Level 10.6 Shapeshifting


You had 8 spell levels left.
You didn't know any spells.
Your spell library contained the following spells:

 Spells                   Type           Power      Damage    Failure   Level
 Sandblast                Erth           0%         2d4       22%         1
 Passwall                 Erth           0%         N/A       54%         3
 Stone Arrow              Conj/Erth      0%         3d7       54%         3
 Brom's Barrelling Bould  Conj/Erth      0%         2d3       91%         4


Dungeon Overview and Level Annotations

Branches:
Dungeon (6/15)             Temple (1/1) D:4

Altars:
Ashenzari
Cheibriados
Elyvilon
Fedhas
Gozag
Hepliaklqana
Kikubaaqudgha
Makhleb
Nemelex Xobeh
Okawaru
Qazlal
Ru
Sif Muna
Trog
Uskayaw
Vehumet
Wu Jian
Xom
The Shining One

Shops:
D:5 *

Annotations:
D:3 1 runed translucent door, Crazy Yiuf
D:6 Eustachio


Innate Abilities, Weirdness & Mutations

You are something dangerously unstable.
You glow with magical radiation, making you easy to see and hit.
Foes you strike become dangerously contaminated with magical radiation.
You are incapable of wielding weapons or throwing items.
((You are very nimble when in or above water. (Stealth+, EV+, Speed+++)))
Your lower body shifts to a powerful aquatic tail in water.


Message History

The steam dragon hisses angrily.
The steam dragon breathes steam at you. The ball of steam hits you!
The steam dragon breathes steam at you. The ball of steam hits you!
You hear a shout!
The steam dragon barely misses you. The steam dragon claws you.
The steam dragon bites you. The steam dragon claws you.
Eustachio the Magnificent comes into view.
He is wielding a +0 rapier.
You closely miss the steam dragon.
Eustachio yells, "Perjured traitor, DIE!"
The steam dragon bites you!
* * * LOW HITPOINT WARNING * * *
The steam dragon claws you.
* * * LOW HITPOINT WARNING * * *
Okay, then.
As you read the scroll of teleportation, it crumbles to dust.
You feel strangely unstable. The steam dragon breathes steam at you.
The ball of steam misses you.
Eustachio mumbles some strange words.
Unknown command.
Unknown command.
You barely miss the steam dragon.
You are engulfed in a cloud of scalding steam.
* * * LOW HITPOINT WARNING * * *
The bat hits you.
* * * LOW HITPOINT WARNING * * *
Eustachio closely misses you. The steam dragon barely misses you.
The steam dragon claws you.
* * * LOW HITPOINT WARNING * * *
The quokka closely misses you.
It was a potion of curing.
You feel better.
You are engulfed in a cloud of scalding steam.
* * * LOW HITPOINT WARNING * * *
The bat completely misses you. The steam dragon breathes steam at you.
The ball of steam hits you!
You die...
Cheibriados appreciates the motionlessness of death.

#..... #... .###...
#.#P.. ..# .......
##....#####.# .......
#.....##....###......
#......#.....##......
#.<.......#..##......
##.....####..........
#...D..########......
##.@pb...####........
#..##r...........†...
## ##.#####.#.......
#.# ##.##.###.. ..#
#..#######.
..#####..#......
#...............
................
..#..........##


You could see Eustachio, a steam dragon (catching breath), a quokka (summoned)
and a bat (summoned).

Vanquished Creatures
  Sigmund (D:2)
  A water moccasin (D:5)
  A black bear (D:5)
  2 ogres
  3 scorpions (D:4)
  3 howler monkeys (D:5)
  A bombardier beetle (D:4)
  A hound (D:4)
  2 gnoll boudas
  An orc priest (D:6)
  A sleepcap (D:4)
  2 orc wizards (D:5)
  4 iguanas
  33 gnolls
  4 adders
  A shadow imp (D:5)
  3 dart slugs
  28 orcs
  8 endoplasms
  4 giant cockroaches
  7 goblins
  7 hobgoblins
  15 jackals (D:5)
  7 kobolds
  2 quokkas
  A ball python (D:4)
  4 bats
  3 frilled lizards
  7 rats
157 creatures vanquished.

Notes
Turn   | Place    | Note
-------+----------+-------------------------------------------
     0 | D:1      | Nattfarinn the Merfolk Shapeshifter began the quest for the
                  | Orb.
     0 | D:1      | Reached XP level 1. HP: 15/15 MP: 1/1
     2 | D:1      | You fall into a shaft and drop 1 floor!
   123 | D:1      | Reached XP level 2. HP: 14/21 MP: 2/2
   267 | D:1      | Reached skill level 5 in Shapeshifting
   354 | D:1      | Reached XP level 3. HP: 18/26 MP: 3/3
   833 | D:2      | Noticed Sigmund
   961 | D:2      | Killed Sigmund
   962 | D:2      | Reached skill level 7 in Shapeshifting
   962 | D:2      | Reached XP level 4. HP: 32/32 MP: 4/4
   962 | D:2      | Reached XP level 5. HP: 37/37 MP: 5/5
  1103 | D:2      | Found a faded altar of an unknown god.
  1449 | D:3      | Found an iron altar of Okawaru.
  1450 | D:3      | Found a shimmering altar of Xom.
  1709 | D:3      | Found a runed translucent door.
  1710 | D:3      | Noticed Crazy Yiuf
  1765 | D:3      | Reached XP level 6. HP: 43/43 MP: 6/6
  1768 | D:3      | Found a bloodstained altar of Trog.
  1786 | D:3      | Identified the +1 spear "Qoylege" {freeze, rElec Will+
                  | Int+3}
  2220 | D:4      | Found a staircase to the Ecumenical Temple.
  2240 | Temple   | Entered the Ecumenical Temple
  2276 | Temple   | Became a worshipper of Cheibriados the Contemplative
  2299 | D:4      | HP: 1/44 [goblin/sling bullet (3)]
  2524 | D:4      | Identified the +1 hand axe of Ryupt {heavy, rN++ Str+3}
  2536 | D:4      | Reached skill level 5 in Unarmed Combat
  2536 | D:4      | Reached XP level 7. HP: 44/51 MP: 7/7
  3506 | D:4      | Reached * piety under Cheibriados
  4008 | D:4      | Found a sparkling altar of Nemelex Xobeh.
  4008 | D:4      | Found a stormy altar of Qazlal.
  4094 | D:5      | Entered Level 5 of the Dungeon
  4662 | D:5      | Reached XP level 8. HP: 45/60 MP: 8/8
  4745 | D:5      | Reached skill level 8 in Shapeshifting
  4876 | D:5      | Reached ** piety under Cheibriados
  4937 | D:5      | Found a hide-covered altar of Uskayaw.
  4938 | D:5      | Found a hazy altar of Hepliaklqana.
  5012 | D:5      | Found Jukkepo's Assorted Antiques.
  5333 | D:5      | Reached skill level 9 in Shapeshifting
  5597 | D:5      | Reached *** piety under Cheibriados
  5894 | D:5      | Reached skill level 10 in Shapeshifting
  6877 | D:6      | Reached XP level 9. HP: 28/66 MP: 9/9
  7029 | D:6      | Reached **** piety under Cheibriados
  7081 | D:6      | Noticed Eustachio
  7085 | D:6      | Killed from afar by a steam dragon

Illustrated notes

Levels and vault maps discovered:
D:1:      amcnicky_arrival_single_pillar, layout_rooms,
          dreamdust_mushroom_princess, dk_noncrumbling_4
D:2:      layout_basic, shapermc_ecumenical_altar_starsandcircs, uniq_sigmund
D:3:      layout_basic, mainiacjoe_overflow_concentric_impassable,
          mainiacjoe_overflow_divided_tiny, uniq_crazy_yiuf_cottage
D:4:      layout_cave_pools, gammafunk_temple_overflow_wave,
          minmay_temple_entry_drinking_statues
D:5:      lemuel_castle_with_subvaults [lemuel_castle_interior_carwin_3],
          layout_gridville, nicolae_overflow_squiral, serial_shops,
          nicolae_shop_window_shopping
D:6:      layout_cave_pools, grunt_dithmenos_smoke_and_mirrors,
          serial_bayou_pond_a, uniq_eustachio
Temple:   hellmonk_temple_two_chambers

Skill      XL: |  1  2  3  4  5  6  7  8 |
---------------+-------------------------+-----
Shapeshifting  | 5 7 10 | 10.6
Fighting       | 2 4 |  4.7
Unarmed Combat | 5 6 7 |  7.4
Dodging        | |  2.6

Action                     |  1- 3 |  4- 6 |  7- 9 || total
---------------------------+-------+-------+-------++-------
  Melee: Unarmed           |   102 |    75 |   377 ||   554
         Punch             |     2 |     1 |       ||     3
         Tailslap          |       |       |    17 ||    17
    Use: Potion            |     1 |     1 |     2 ||     4
         Scroll            |       |       |     3 ||     3
   Stab: Sleeping          |     1 |       |       ||     1
         Distracted        |       |       |     1 ||     1
 Armour: Animal skin       |    53 |       |       ||    53
         Skin              |     3 |    16 |   160 ||   179
         Robe              |       |     8 |       ||     8
  Dodge: Dodged            |    49 |    49 |   322 ||   420
   Form: Flux              |       |     1 |       ||     1

Table legend: (Time is in decaauts)
 A = Elapsed time spent in this place.
 B = Non-inter-level travel time spent in this place.
 C = Inter-level travel time spent in this place.
 D = Time resting spent in this place.
 E = Time spent auto-exploring this place.
 F = Levels seen in this place.
 G = Mean time per level.
                   A        B        C        D        E       F      G
               +--------+--------+--------+--------+--------+-----+--------+
         Total |   7604 |   7352 |    252 |   2269 |   3897 |   7 | 1086.3 |
       Dungeon |   7556 |   7319 |    237 |   2242 |   3897 |   6 | 1259.3 |
        Temple |     48 |     33 |     15 |     27 |      0 |   1 |   48.0 |
               +--------+--------+--------+--------+--------+-----+--------+

Top non-repeatable levels by time:
     D:5: 2946 daAuts
     D:3: 1678 daAuts
     D:4: 1531 daAuts
     D:1: 634 daAuts
     D:2: 623 daAuts
     D:6: 142 daAuts
  Temple: 48 daAuts
